[Event "Early-Titled-Tuesday-Blitz-March-26-2024"]
[Site "Chess.com"]
[Date "2024.03.26"]
[Round "2"]
[White "Kotofeyca"]
[Black "Better_Chess_Faster"]
[Result "1-0"]
[WhiteElo "2482"]
[BlackElo "2172"]
[TimeControl "180+1"]
[EndTime "8:18:04 PDT"]
[Termination "Kotofeyca won on time"]

1. d4 f5 2. g3 Nf6 3. Bg2 e6 4. Nd2 d5 5. Nh3 Bd6 6. Nf3 h6 7. Bf4 g5 8. Bxd6 cxd6 9. Nd2 Nc6 10. e3 O-O 11. O-O b6 12. c3 Ba6 13. Re1 Ne4 14.
f3 Nxd2 15. Qxd2 Rc8 16. e4 Qf6 17. exd5 exd5 18. f4 g4 19. Bxd5+ Kg7 20. Re6 Qf7 21.
Nf2 Ne7 22. Bb3 d5 23. Rae1 Rc7 24. Nd3 Bxd3 25. Qxd3 Rd8 26. Qe2 Ng6 27. Qb5 h5 28. Bxd5 Qd7 29. Qxd7+ Rdxd7 30. Bb3 h4 31. Kg2 h3+ 32.
Kf2 Ne7 33. R6e5 Kf6 34. Be6 Rd6 35. Bb3 a5 36. Re6+ Rxe6 37. Rxe6+ Kg7 38. Rxb6 Nc6 39.
d5 Nd8 40. d6 Rd7 41. c4 Nb7 42.
Ba4 Rf7 43. d7 Nd8 44. c5 Re7 45. c6 Nxc6 46. Bxc6 Rxd7 47. Bxd7 1-0

[Event "Early-Titled-Tuesday-Blitz-March-26-2024"]
[Site "Chess.com"]
[Date "2024.03.26"]
[Round "2"]
[White "dropstoneDP"]
[Black "Gennady_Kozlov"]
[Result "1-0"]
[WhiteElo "2995"]
[BlackElo "2662"]
[TimeControl "180+1"]
[EndTime "8:18:05 PDT"]
[Termination "dropstoneDP won by resignation"]

1. e4 c6 2. d4 d5 3. exd5 cxd5 4. Nf3 Nf6 5. Ne5 Nc6 6. c3 g6 7. Bf4 Bg7 8. Be2 O-O 9. Nd2 Nxe5 10. Bxe5 Ne8 11.
Bxg7 Nxg7 12. O-O Qb6 13. Qb3 Bd7 14. Qxb6 axb6 15. a3 Rfe8 16. Bd3 f6 17. c4 Bc6 18.
Rfe1 e5 19. cxd5 Bxd5 20. dxe5 fxe5 21. Bc4 Rad8 22. Rac1 Nf5 23. Bxd5+ Rxd5 24. Ne4 Kg7 25. Kf1 Re7 26. Rcd1 Rd4 27. Ng5 Kf6 28. Ne4+ Kg7 29. Nc3 Red7 30. Rb1 Kf6 31. Re2 Rh4 32. h3 Rf4 33. Kg1 Nd4 34. Re3 Nc2 35. Re2 Nd4 36. Ree1 Nc2 37. Re4 Rxe4 38. Nxe4+ Kf5 39. f3 Rd3 40.
Rc1 Nd4 41. Rc7 Rb3 42. Rf7+ Ke6 43. Rxh7 Rxb2 44. Ng3 Nb5 45. Rg7 Kf6 46. Rxb7 Nxa3 47.
Ne4+ Ke6 48. Rg7 Nc4 49. Rxg6+ Ke7 50. h4 b5 51. h5 Rb1+ 52. Kh2 Kf7 53. Nd6+ Ke7 54.
Nxc4 bxc4 55. Rc6 Rc1 56. h6 Kf7 57. Rc7+ Kg8 58. g4 c3 59. g5 Rf1 60. Kg2 Rd1 61. g6 Rd8 62. Rxc3 Re8 63. Rc6 e4 64. fxe4 1-0

[Event "Early-Titled-Tuesday-Blitz-March-26-2024"]
[Site "Chess.com"]
[Date "2024.03.26"]
[Round "2"]
[White "Winner_7777"]
[Black "baki83"]
[Result "0-1"]
[WhiteElo "2577"]
[BlackElo "2859"]
[TimeControl "180+1"]
[EndTime "8:18:05 PDT"]
[Termination "baki83 won by checkmate"]

1. d4 d5 2. c4 e6 3. Nc3 Nf6 4. cxd5 exd5 5. Bg5 Be7 6. e3 c6 7.
Bd3 h6 8. Bh4 O-O 9. Qc2 Ne8 10. Bg3 Nd6 11. Nf3 a5 12. O-O Na6 13. a3 Nc7 14. Ne5 Bd7 15. Na4 Be8 16. Nb6 Ra7 17. Na4 Ne6 18. f4 b5 19. Nc5 Nxc5 20.
Qxc5 Qa8 21. Qc2 f5 22. Rac1 Kh8 23. Be1 g6 24. Bd2 Nc4 25. Nxc4 dxc4 26. Be2 Bf7 27. Bf3 Bd5 28. e4 fxe4 29. Bxe4 Bf6 30. Be3 Bxe4 31. Qxe4 Re7 32. Qf3 Rfe8 33. Bf2 Re4 34. Rcd1 b4 35. f5 g5 36. Qh5 Bg7 37. f6 Bf8 38. h4 g4 39. Qg6 R8e6 40. Rde1 c5 41. d5 Qxd5 42. Qf7 Qd8 43. Rxe4 Rxe4 44. Bg3 Re2 45. Bf4 Qa8 46.
Qg6 Qxg2# 0-1

[Event "Early-Titled-Tuesday-Blitz-March-26-2024"]
[Site "Chess.com"]
[Date "2024.03.26"]
[Round "2"]
[White "Siemba"]
[Black "gorgeous1083"]
[Result "1-0"]
[WhiteElo "2462"]
[BlackElo "2033"]
[TimeControl "180+1"]
[EndTime "8:18:05 PDT"]
[Termination "Siemba won by checkmate"]

1. e4 e6 2. d4 d5 3. Nc3 Bb4 4. e5 c5 5. a3 Bxc3+ 6. bxc3 Ne7 7. Qg4 O-O 8. Bd3 f5 9. exf6 Rxf6 10. Qh5 g6 11. Qd1 Nbc6 12. Bg5 Rf7 13. Nf3 Qa5 14. O-O Bd7 15. Rb1 Qc7 16. Re1 c4 17. Bf1 Raf8 18.
Bh6 Re8 19. g3 Nf5 20. Bf4 Qa5 21. Rxb7 Qxa3 22. Ng5 Rg7 23. Bd2 Bc8 24. Rxg7+ Kxg7 25. Bg2 a5 26. Bxd5 Ncxd4 27. cxd4 Nxd4 28. Bc1 Qc5 29. Be3 e5 30. Bxd4 Qxd5 31. Bc3 Qxd1 32. Rxd1 Bf5 33. f4 Kf6 34. Nxh7+ Kg7 35. Ng5 Kh6 36. Nf7+ Kg7 37. Nxe5 Bxc2 38. Rd7+ Kf6 39. Ra7 a4 40. g4 Ke6 41.
Ra6+ Kd5 42. Kf2 Rb8 43. Ra5+ Ke4 44. Nxg6 Rb3 45. Re5+ Kd3 46. Re3# 1-0

[Event "Early-Titled-Tuesday-Blitz-March-26-2024"]
[Site "Chess.com"]
[Date "2024.03.26"]
[Round "2"]
[White "Rashad_Zeynalli"]
[Black "VladimirKramnik"]
[Result "1-0"]
[WhiteElo "2687"]
[BlackElo "2994"]
[TimeControl "180+1"]
[EndTime "8:18:07 PDT"]
[Termination "Rashad_Zeynalli won on time"]

1. d4 Nf6 2. Bf4 c5 3. d5 d6 4.
Nc3 g6 5. e4 Bg7 6. Bb5+ Nbd7 7.
a4 O-O 8. Nf3 Nh5 9. Bg5 Ne5 10.
Nxe5 Bxe5 11. Bh6 f5 12. Bxf8 Qxf8 13. Qf3 Qf6 14. O-O fxe4 15. Qxf6 Nxf6 16. Rfe1 Bf5 17. a5 a6 18. Bf1 Kg7 19. Red1 Rf8 20. h3 h5 21. Ra3 g5 22. Rb3 Bc8 23. Bc4 g4 24. hxg4 hxg4 25. Re1 g3 26. Nxe4 Ng4 27. Rxg3 Bxg3 28.
Nxg3 Rxf2 29. Rxe7+ Kf6 30. Rc7 Rxc2 31. Bf1 Rxb2 32.
Rxc8 Ke5 33. Rg8 Nf6 34. Rg5+ Kd4 35. Ne2+ Ke3 36. Rg3+ Kd2 37. Nf4 Ne4 38. Rd3+ Kc2 39. g4 Rb4 40. Ng2 Nd2 41. Ne3+ Kc1 42. Rc3+ Kb1 43.
Bd3+ Ka1 44. Rc1+ Ka2 45. Rc2+ Rb2 46. Rxb2+ Kxb2 47. Nc4+ Kc3 48. Nxd2 Kxd2 49. Bf1 1-0

[Event "Early-Titled-Tuesday-Blitz-March-26-2024"]
[Site "Chess.com"]
[Date "2024.03.26"]
[Round "2"]
[White "Statham_01"]
[Black "vlad10898"]
[Result "0-1"]
[WhiteElo "2594"]
[BlackElo "2884"]
[TimeControl "180+1"]
[EndTime "8:18:07 PDT"]
[Termination "vlad10898 won by resignation"]

1. e4 e6 2. d4 d5 3. Bd3 dxe4 4. Bxe4 Nf6 5. Bf3 Be7 6. Ne2 c5 7. Be3 O-O 8. Nbc3 Qa5 9. Qd2 Rd8 10. O-O Nc6 11.
Bxc6 bxc6 12. Nd5 Qxd2 13. Nxe7+ Kf8 14. Bxd2 Kxe7 15. Ba5 Rd7 16. dxc5 Ba6 17. Rfe1 Rb8 18. b3 Ne4 19. c3 Bxe2 20. Rxe2 Rb5 21. Bb4 Nf6 22. a3 Rb8 23. f3 Nd5 24. Rd2 a5 25. Bxa5 Rxb3 26. c4 Ne3 27. Rxd7+ Kxd7 28. Kf2 Nxc4 29.
Rd1+ Ke7 30. Bd8+ Ke8 31. a4 Ra3 32. a5 Nxa5 33. Rd6 Nb7 34. Rxc6 Nxd8 35. Rc7 Rc3 36. Kg3 e5 37. Kg4 Ne6 38. Rc8+ Kd7 39. Rh8 h6 40. h4 Rxc5 41. Kh5 e4+ 42. Kg4 e3 43. Kg3 Re5 0-1

[Event "Early-Titled-Tuesday-Blitz-March-26-2024"]
[Site "Chess.com"]
[Date "2024.03.26"]
[Round "2"]
[White "Kavyev_Ruslan"]
[Black "Aslanov_Umid"]
[Result "1/2-1/2"]
[WhiteElo "2407"]
[BlackElo "2621"]
[TimeControl "180+1"]
[EndTime "8:18:07 PDT"]
[Termination "Game drawn by stalemate"]

1. d4 d5 2. c4 e6 3. Nf3 c6 4. Nc3 Nf6 5. Qd3 Nbd7 6. g3 Bd6 7.
Bg2 O-O 8. O-O dxc4 9. Qxc4 e5 10. Rd1 Qe7 11. dxe5 Nxe5 12. Nxe5 Bxe5 13. Bf4 Be6 14.
Qa4 Bxc3 15. bxc3 Bd5 16. Qb4 Qxe2 17. Qxb7 Bxg2 18. Kxg2 Qe4+ 19. Kg1 Qf3 20. c4 Rae8 21. Re1 Re4 22. Be3 Qh5 23. Qxc6 Rfe8 24. Bd2 Ng4 25. h4 Rxe1+ 26. Rxe1 Rf8 27. Bb4 Qf5 28. Qc5 Qxc5 29.
Bxc5 Rc8 30. Bxa7 f6 31. c5 Ne5 32. Bb6 Nf3+ 33. Kf1 Nxe1 34. Kxe1 Kf7 35. Kd2 Ke6 36.
Kc3 Kd5 37. Kb4 Kc6 38. a4 Re8 39. a5 Re2 40. a6 Rb2+ 41. Ka5 Rxf2 42. a7 Ra2+ 43. Kb4 g6 44. Kc4 h6 45. Kd4 g5 46.
Ke4 gxh4 47. gxh4 Kb7 48. Kf5 Rf2+ 49. Kg6 f5 50. Kxh6 f4 51. c6+ Ka8 52. Bxf2 f3 53. Kg5 1/2-1/2

[Event "Early-Titled-Tuesday-Blitz-March-26-2024"]
[Site "Chess.com"]
[Date "2024.03.26"]
[Round "2"]
[White "lacafi"]
[Black "amiralfio"]
[Result "0-1"]
[WhiteElo "2318"]
[BlackElo "2740"]
[TimeControl "180+1"]
[EndTime "8:18:08 PDT"]
[Termination "amiralfio won on time"]

1. d4 f5 2. Nf3 Nf6 3. g3 e6 4. Bg2 Be7 5. O-O O-O 6. c4 d6 7. Nc3 Ne4 8. Qc2 Nxc3 9. Qxc3 Bf6 10. b3 Nc6 11. Bb2 e5 12. dxe5 dxe5 13. Qd2 Qe8 14. a3 Be6 15. Qc2 e4 16. Nd2 Nd4 17. Bxd4 Bxd4 18.
Rad1 Rd8 19. e3 Bf6 20. Nb1 Qe7 21. b4 Qf7 22. Rxd8 Rxd8 23. Rc1 c6 24. Bf1 h6 25. Nd2 b6 26. Nb3 Kh7 27. Nd2 Be5 28. Nb3 Qf6 29.
Rd1 Bf7 30. Rxd8 Qxd8 31. Qd2 Qxd2 32. Nxd2 Bb2 33. a4 Bc3 34. Nb3 b5 35. axb5 cxb5 36. Na5 bxc4 37. Nc6 Bd2 38. b5 c3 39. Nd4 Be1 0-1

[Event "Early-Titled-Tuesday-Blitz-March-26-2024"]
[Site "Chess.com"]
[Date "2024.03.26"]
[Round "2"]
[White "AnaKuchava"]
[Black "sorch29"]
[Result "1-0"]
[WhiteElo "2140"]
[BlackElo "2459"]
[TimeControl "180+1"]
[EndTime "8:18:08 PDT"]
[Termination "AnaKuchava won by resignation"]

1. d4 d5 2. Nf3 Nf6 3. c4 e6 4. Nc3 Be7 5. Bg5 O-O 6. e3 b6 7. Bd3 Bb7 8. O-O Nbd7 9. Rc1 c5 10. Qe2 cxd4 11. exd4 dxc4 12. Bxc4 Rc8 13. Rfd1 Bxf3 14. gxf3 Nd5 15. Bxe7 Nxe7 16. Nb5 Nf6 17. Nxa7 Ra8 18. Nb5 Nfd5 19. Nc3 Nf4 20. Qe4 Neg6 21. Kh1 Qh4 22.
Ne2 Ra5 23. Nxf4 Nxf4 24. d5 exd5 25. Bxd5 g6 26. Rc7 Kg7 27. Qe5+ Qf6 28. Qxf6+ Kxf6 29. Bb3 Rh5 30. Rd6+ Kg7 31. Rxb6 Re5 32. Rc1 Rfe8 33. h4 Re1+ 34. Rxe1 Rxe1+ 35. Kh2 h5 36. Rb7 Ne6 37. Bxe6 Rxe6 38. a4 Re2 39. Kg2 Re1 40. a5 Ra1 41. b4 Kf6 42. Rb6+ Kf5 43. a6 Kf4 44. b5 f5 45. Rxg6 Ra3 46. Rg5 Rxf3 47. Rxf5+ Kxf5 48. Kxf3 1-0

[Event "Early-Titled-Tuesday-Blitz-March-26-2024"]
[Site "Chess.com"]
[Date "2024.03.26"]
[Round "2"]
[White "Kirill_Klukin"]
[Black "masnyszachistaaa"]
[Result "1-0"]
[WhiteElo "2845"]
[BlackElo "2569"]
[TimeControl "180+1"]
[EndTime "8:18:09 PDT"]
[Termination "Kirill_Klukin won by checkmate"]

1. Nf3 c5 2. e3 Nf6 3. b3 e6 4.
Bb2 Nc6 5. Be2 d5 6. O-O Be7 7. d4 O-O 8. c4 b6 9. cxd5 Nxd5 10. Nbd2 Bb7 11. Rc1 cxd4 12. Nxd4 Nxd4 13. Bxd4 Ba3 14.
Ra1 Qe7 15. Nc4 Bb4 16. Qc2 Qg5 17. Bf3 Rac8 18. a3 Be7 19. Qe2 b5 20. Na5 Nc3 21. Bxc3 Bxf3 22. Qxf3 Rxc3 23. b4 Rfc8 24. Rfd1 Qf6 25.
Qb7 R3c7 26. Qxb5 Rc2 27. Qf1 Qb2 28. g3 Bf6 29. Rdb1 Qc3 30. Rd1 h5 31. h4 Be5 32. Qg2 Re2 33. Rab1 Qc2 34. Rf1 Qa2 35. Nb3 Rcc2 36. Nd4 Bxd4 37. exd4 Rxf2 38. Rxf2 Qxb1+ 39. Kh2 Rc1 40. Qf3 f6 41. d5 exd5 42. Qxd5+ Kh8 43. Qxh5+ Kg8 44. Qe8+ Kh7 45. Qh5+ Kg8 46. Qf3 Qa1 47.
Re2 Qb1 48. Qd5+ Kh7 49. Qh5+ Kg8 50. Re8# 1-0

[Event "Early-Titled-Tuesday-Blitz-March-26-2024"]
[Site "Chess.com"]
[Date "2024.03.26"]
[Round "2"]
[White "Bada_norovsambuu"]
[Black "ATM622"]
[Result "0-1"]
[WhiteElo "2227"]
[BlackElo "2506"]
[TimeControl "180+1"]
[EndTime "8:18:09 PDT"]
[Termination "ATM622 won on time"]

1. Nf3 Nf6 2. d4 g6 3. c4 Bg7 4.
g3 O-O 5. Bg2 c5 6. O-O cxd4 7.
Nxd4 e5 8. Nc2 Nc6 9. Nc3 b6 10.
Nb5 Ba6 11. Bxc6 dxc6 12. Qxd8 Raxd8 13. Nxa7 Bb7 14. Be3 Nd7 15. Nb4 Nb8 16. Bxb6 Rd2 17. Rab1 Rxe2 18. Bc7 c5 19. Nd5 Rc2 20. Rfc1 Rd2 21.
Ne7+ Kh8 22. Nb5 Re8 23. Nd5 Bxd5 24. cxd5 Rxd5 25. Bxb8 Rxb8 26. Nc7 Rd7 27. Rxc5 Rc8 28. Rbc1 Bf8 29. R5c2 Bh6 30. Nb5 Rcd8 31. Rf1 e4 32. a4 Ra8 33. b3 Rd3 34. Rb2 Bg7 35. Rbb1 h5 36. Na3 Rb8 37. Nb5 Ra8 38. Rfd1 Rad8 39. Rxd3 exd3 40. Rd1 Bf8 41. Kf1 Bb4 42. Kg2 d2 43.
Kf3 Re8 0-1

[Event "Early-Titled-Tuesday-Blitz-March-26-2024"]
[Site "Chess.com"]
[Date "2024.03.26"]
[Round "2"]
[White "kritipatel"]
[Black "DinaBelenkaya"]
[Result "0-1"]
[WhiteElo "2176"]
[BlackElo "2483"]
[TimeControl "180+1"]
[EndTime "8:18:10 PDT"]
[Termination "DinaBelenkaya won by resignation"]

1. e4 c6 2. d4 d5 3. exd5 cxd5 4. Bd3 Nc6 5. c3 Nf6 6. Bf4 g6 7. Nf3 Bg7 8. O-O O-O 9. Ne5 Bf5 10. Re1 Bxd3 11.
Qxd3 Ne4 12. Nd2 Nxe5 13. Bxe5 f6 14. Nxe4 dxe4 15. Qc4+ Kh8 16. Bg3 f5 17. Bh4 Qd6 18. f3 exf3 19. Bxe7 f2+ 20. Kxf2 Qxh2 21. Bxf8 Rxf8 22.
d5 Bf6 23. Rh1 Bh4+ 24. Kf3 Qg3+ 25. Ke2 Qxg2+ 26. Kd3 Qf3+ 27. Kc2 Qf2+ 28. Kb3 Be7 29. Rae1 Qb6+ 30. Kc2 Bf6 31. Re6 Qf2+ 32. Kb3 a6 33. Qc7 h5 34. Qd6 Kg7 35. Qd7+ Rf7 36. Qc8 Qf3 37.
Qc4 Qxh1 38. d6 Qc6 39. Qd3 Qb5+ 40. Qxb5 axb5 41. Kb4 h4 42. Kxb5 h3 43. Re1 h2 44.
Rh1 Be5 45. Kc5 Rd7 46. Kd5 Bxd6 47. Ke6 Rd8 48. c4 Bg3 49. b3 Rd2 50. Ke7 Re2+ 51. Kd8 Rg2 52. c5 Rg1 53. Rxg1 hxg1=Q 0-1

[Event "Early-Titled-Tuesday-Blitz-March-26-2024"]
[Site "Chess.com"]
[Date "2024.03.26"]
[Round "2"]
[White "AGW2016"]
[Black "Massakru"]
[Result "1/2-1/2"]
[WhiteElo "2543"]
[BlackElo "2365"]
[TimeControl "180+1"]
[EndTime "8:18:11 PDT"]
[Termination "Game drawn - insufficient material"]

1. d4 Nf6 2. Nc3 d5 3. Bf4 c6 4. e3 Bf5 5. Bd3 Bg6 6. Nf3 Nbd7 7. O-O e6 8. Qe2 Be7 9. e4 dxe4 10. Nxe4 Nxe4 11.
Bxe4 Nf6 12. Bxg6 hxg6 13. h3 Qd5 14. c3 Qe4 15. Qxe4 Nxe4 16. Rfe1 Nf6 17. Ne5 Nd7 18.
Nc4 Nb6 19. Nd6+ Bxd6 20. Bxd6 Nc4 21. Bg3 O-O-O 22. b3 Na3 23. Rad1 Nb5 24. Rd3 c5 25. Red1 cxd4 26. cxd4 Kd7 27. d5 Ke7 28. a4 Na3 29. dxe6 Rxd3 30. Rxd3 Kxe6 31. Rd6+ Ke7 32. Rd2 Ke6 33.
Re2+ Kd7 34. Rd2+ Ke6 35. Kf1 Rc8 36. Ke2 Rc2 37. Rxc2 Nxc2 38. Kd3 Nb4+ 39. Kc4 Nc6 40. b4 a6 41. b5 axb5+ 42. Kxb5 Kd7 43. Kb6 Kc8 44. Bd6 f6 45. Bf8 Ne5 46. Bxg7 Nd7+ 47. Kb5 Kd8 48. Bh6 g5 49. f4 gxf4 50. Bxf4 Ke7 51.
g4 Ke6 52. h4 Kd5 53. h5 Ke6 54. h6 Kf7 55. Kc4 Kg6 56. Kd5 Nb6+ 57. Kd4 Nxa4 58. Kc4 Nb6+ 59. Kc5 Nd7+ 60. Kd6 Nf8 61. Be3 b5 62.
Kc5 f5 63. g5 Ne6+ 64. Kxb5 f4 65. Bxf4 Nxf4 66. h7 Kxh7 67. g6+ Kxg6 1/2-1/2

[Event "Early-Titled-Tuesday-Blitz-March-26-2024"]
[Site "Chess.com"]
[Date "2024.03.26"]
[Round "2"]
[White "kidagent"]
[Black "Ticoluis"]
[Result "1-0"]
[WhiteElo "2320"]
[BlackElo "2510"]
[TimeControl "180+1"]
[EndTime "8:18:11 PDT"]
[Termination "kidagent won by resignation"]

1. e4 e5 2. Nf3 Nc6 3. Bb5 f5 4. Nc3 fxe4 5. Nxe4 Nf6 6. Nxf6+ Qxf6 7. O-O Be7 8. Re1 d6 9. d4 O-O 10. Bxc6 bxc6 11.
dxe5 Qg6 12. Qd3 Bf5 13. Qb3+ d5 14. Be3 Be4 15. Ng5 Bxg5 16. Bxg5 Qxg5 17. Rxe4 Rab8 18. Qe3 Qf5 19. Ra4 Rxb2 20. Rxa7 Rxc2 21. Rf1 c5 22.
Rxc7 d4 23. Qg3 g6 24. h4 d3 25. h5 d2 26. hxg6 Qxg6 27. Qb3+ Kh8 28. e6 Rc1 29. e7 Rxf1+ 30. Kxf1 Re8 31. Rd7 Qa6+ 32. Kg1 Qe2 33. Qc3+ Kg8 34. Qxd2 Qxd2 35. Rxd2 Rxe7 36. Rc2 Rc7 37. f4 c4 38. Kf2 Kf7 39. Ke3 Ke6 40. Kd4 Kf5 41. g3 Kg4 42. Rxc4 Rd7+ 43. Ke5 Kxg3 44. f5 Ra7 45. a4 h5 46. f6 h4 47. Ke6 h3 48. f7 h2 49. f8=Q h1=Q 50.
Qf4+ Kg2 51. Rc2+ Kh3 52. Qh6+ Kg3 53. Qxh1 1-0

[Event "Early-Titled-Tuesday-Blitz-March-26-2024"]
[Site "Chess.com"]
[Date "2024.03.26"]
[Round "2"]
[White "Pelusiansky"]
[Black "LeoWin2012"]
[Result "1-0"]
[WhiteElo "2519"]
[BlackElo "2287"]
[TimeControl "180+1"]
[EndTime "8:18:11 PDT"]
[Termination "Pelusiansky won on time"]

1. d4 Nf6 2. c4 e6 3. Nf3 b6 4. a3 Bb7 5. Nc3 Be7 6. Qc2 c5 7. dxc5 Bxc5 8. Bg5 Nc6 9. b4 Be7 10. e3 Rc8 11. Rd1 h6 12. Bh4 O-O 13. Be2 a6 14.
O-O d6 15. Qd2 Qc7 16. Bxf6 Bxf6 17. Ne4 Be7 18. Nxd6 Rcd8 19. c5 bxc5 20. bxc5 Na5 21. Qb4 Bd5 22. e4 Ba8 23. Bxa6 Nc6 24. Qc3 Nb8 25. Bc4 Bxd6 26. cxd6 Rxd6 27. Rxd6 Qxd6 28.
Bd3 Nd7 29. Rd1 Qc5 30. Qb2 Nf6 31. Nd2 Ng4 32. Nb3 Qb6 33. Bc4 Rc8 34. Rc1 Bxe4 35. h3 Nf6 36. Qd2 Bd5 37. Bxd5 Rxc1+ 38. Qxc1 Nxd5 39. Qc4 Kh7 40. a4 Qa7 41. a5 Nc7 42. Qd3+ Kh8 43. Qd7 Kh7 44. Qxf7 Nb5 45. Qxe6 1-0

[Event "Early-Titled-Tuesday-Blitz-March-26-2024"]
[Site "Chess.com"]
[Date "2024.03.26"]
[Round "2"]
[White "MVM2008"]
[Black "carloseduar100"]
[Result "1-0"]
[WhiteElo "2488"]
[BlackElo "2192"]
[TimeControl "180+1"]
[EndTime "8:18:11 PDT"]
[Termination "MVM2008 won by checkmate"]

1. e4 e6 2. d4 d5 3. Nd2 c5 4. c3 Nc6 5. Ngf3 cxd4 6. cxd4 Nf6 7. e5 Nd7 8. Bd3 Qb6 9. O-O Nxd4 10. Nxd4 Qxd4 11. Nf3 Qb6 12. Be3 Qd8 13. Rc1 g6 14. Qe2 Bg7 15. Bg5 Qa5 16. Qe3 O-O 17. Qf4 Qxa2 18.
h4 Qxb2 19. Rfe1 h5 20. Rc7 a5 21. Nd4 Qb6 22. Nb5 a4 23. g4 hxg4 24. h5 a3 25. h6 Bh8 26. Bxg6 fxg6 27. h7+ Kxh7 28. Qxf8 Bg7 29.
Qf7 g3 30. Re3 gxf2+ 31. Kxf2 Qxb5 32. Bf6 Qb2+ 33. Re2 Qd4+ 34. Kg2 Qg4+ 35. Kf2 Qf4+ 36. Ke1 Kh6 37. Bxg7+ Kh5 38. Qxf4 g5 39. Rh2+ Kg6 40.
Qg4 Nxe5 41. Qh5+ Kf5 42. Qh7+ Kf4 43. Bxe5+ Kxe5 44. Re2+ Kd6 45. Qe7# 1-0

[Event "Early-Titled-Tuesday-Blitz-March-26-2024"]
[Site "Chess.com"]
[Date "2024.03.26"]
[Round "2"]
[White "Orest_Vovk"]
[Black "suyu28"]
[Result "0-1"]
[WhiteElo "2568"]
[BlackElo "2843"]
[TimeControl "180+1"]
[EndTime "8:18:12 PDT"]
[Termination "suyu28 won by resignation"]

1. g4 e5 2. g5 Qxg5 3. d4 Qe7 4.
dxe5 Qxe5 5. Nf3 Qe7 6. Nc3 c6 7. Bg5 Nf6 8. Qd4 h6 9. Bh4 d5 10. O-O-O Bf5 11. e4 dxe4 12. Ne5 g5 13. Bg3 Bg7 14. Bc4 O-O 15. h4 Nh5 16. Nxf7 Bxd4 17. Nxh6+ Kg7 18. Rxd4 Nxg3 19. fxg3 Kxh6 20. hxg5+ Kg7 21.
Ne2 c5 22. Rd5 Nc6 23. Nf4 Bg4 24. g6 Rh8 25. Re1 Rad8 26. Rxd8 Rxd8 27. c3 a6 28. Rh1 Rh8 29. Rf1 Ne5 30. Bd5 e3 31. Re1 e2 32. Be4 c4 33. Kc2 b5 34. Nd5 Qg5 35. Nf4 Rd8 36. Rh1 Rh8 37. Re1 Bf5 38.
Bxf5 Qxf5+ 39. Kd2 Rd8+ 40. Ke3 Ng4+ 41. Kf3 Ne5+ 42.
Ke3 Nd3 43. Rxe2 Nxf4 44. gxf4 Rd3+ 45. Kf2 Qxf4+ 46. Ke1 Qc1+ 0-1

[Event "Early-Titled-Tuesday-Blitz-March-26-2024"]
[Site "Chess.com"]
[Date "2024.03.26"]
[Round "2"]
[White "klimkoj"]
[Black "MalyDominator"]
[Result "0-1"]
[WhiteElo "2818"]
[BlackElo "2581"]
[TimeControl "180+1"]
[EndTime "8:18:12 PDT"]
[Termination "MalyDominator won on time"]

1. Nf3 Nf6 2. g3 g6 3. Bg2 Bg7 4. O-O O-O 5. c4 d6 6. Nc3 c5 7.
d4 Nbd7 8. b3 Rb8 9. Bb2 a6 10. a4 b6 11. d5 Ne8 12. e4 Ne5 13. Nxe5 Bxe5 14. Qd2 f5 15. exf5 Bxf5 16. Rfe1 Nf6 17.
Rxe5 dxe5 18. Re1 Qd6 19. h3 h5 20. Qg5 Kh7 21. Nd1 Nd7 22. g4 hxg4 23. hxg4 Bc2 24.
Qh4+ Kg8 25. Ne3 Bxb3 26. Qh6 Qf6 27. Rf1 Qg7 28. Qg5 Bxa4 29. f4 b5 30. fxe5 Rxf1+ 31. Bxf1 bxc4 32. Nxc4 Nf8 33. Bd3 Rb3 34. Qd2 Bb5 35.
Qc2 Bxc4 36. Bxc4 Rg3+ 37. Kf2 Rxg4 38. d6+ e6 39. Qe2 Qf7+ 40. Ke1 Rg1+ 41. Kd2 Qf4+ 42. Kc2 Qf5+ 43. Bd3 Qg5 0-1

[Event "Early-Titled-Tuesday-Blitz-March-26-2024"]
[Site "Chess.com"]
[Date "2024.03.26"]
[Round "2"]
[White "Viktoker"]
[Black "ArchibaldCerveza29"]
[Result "1/2-1/2"]
[WhiteElo "2539"]
[BlackElo "2364"]
[TimeControl "180+1"]
[EndTime "8:18:14 PDT"]
[Termination "Game drawn by repetition"]

1. d4 Nf6 2. c4 g6 3. Nc3 Bg7 4. e4 d6 5. h3 O-O 6. Nf3 e5 7. d5 Na6 8. Be3 Nh5 9. g3 f5 10. exf5 gxf5 11. Qd2 Nc5 12. O-O-O Nf6 13. Rg1 Nfe4 14.
Nxe4 Nxe4 15. Qc2 Nc5 16. g4 fxg4 17. Ng5 Bf5 18. Qd2 h6 19. hxg4 Bg6 20. Bxc5 Qxg5 21.
Be3 Qf6 22. g5 Qf5 23. Bd3 Qxd3 24. Qxd3 Bxd3 25. Rxd3 h5 26. Rh1 e4 27. Rdd1 Rf5 28. Rxh5 a6 29. Rh4 Re8 30. Kc2 b5 31. cxb5 axb5 32. a3 Bf8 33. Kb3 Be7 34. Rg4 Bf8 35. Rh4 Bg7 36. Rg4 Ree5 37. Rd2 Rxd5 38. Rxd5 Rxd5 39.
Rxe4 Rd3+ 40. Kc2 Rd5 41. Re8+ Kf7 42. Rc8 c6 43. b4 Bd4 44. Bxd4 Rxd4 45. Rxc6 Kg6 46.
Kc3 Rd1 47. Kc2 Rd5 48. f4 Kf5 49. Rb6 Kxf4 50. g6 Rg5 51. Rxd6 Ke5 52. Rb6 Kd4 53. g7 Rxg7 54. Rxb5 Kc4 55. Rc5+ Kd4 56. Rc7 Rxc7+ 57. Kb3 Kd5 58. b5 Kc5 59. a4 Kb6 60. Kb4 Rh7 61.
a5+ Kb7 62. Kc5 Rh5+ 63. Kb4 Rh4+ 64. Kc5 Rh5+ 65. Kb4 Kc7 66. Kc4 Kd6 67. a6 Rc5+ 68. Kb4 Rc1 69. Ka5 Kc7 70. b6+ Kb8 71. Kb5 Rb1+ 72. Kc6 Rc1+ 73. Kb5 Rb1+ 74. Kc6 Rc1+ 75. Kb5 1/2-1/2

[Event "Early-Titled-Tuesday-Blitz-March-26-2024"]
[Site "Chess.com"]
[Date "2024.03.26"]
[Round "2"]
[White "ploxoi"]
[Black "Stanbad1"]
[Result "0-1"]
[WhiteElo "2406"]
[BlackElo "2651"]
[TimeControl "180+1"]
[EndTime "8:18:15 PDT"]
[Termination "Stanbad1 won by resignation"]

1. d4 Nf6 2. c4 e6 3. g3 d5 4. Nf3 Bb4+ 5. Bd2 Be7 6. Bg2 O-O 7. O-O c6 8. Qc2 Nbd7 9. Rd1 a5 10. Bf4 Nh5 11.
Bc1 f5 12. b3 Bd6 13. Ba3 Bxa3 14. Nxa3 Qe7 15. Nb1 Nhf6 16. Nc3 Ne4 17. e3 Kh8 18. a3 g5 19. c5 Ndf6 20. Ne5 Bd7 21. b4 Nxc3 22.
Qxc3 a4 23. Rab1 f4 24. exf4 gxf4 25. Re1 Be8 26. Bf3 Qg7 27. Kg2 Bh5 28. b5 Bxf3+ 29.
Qxf3 Ne4 30. Rxe4 dxe4 31. Qxe4 fxg3 32. hxg3 Rac8 33. Rh1 Rf6 34. Rb1 Rcf8 35. Rb2 cxb5 36. Ng4 Rg6 37. Ne5 Rgf6 38. Ng4 R6f7 39. Ne5 Rc7 40.
Rxb5 Qf6 41. Rb2 Qf5 42. Qxf5 Rxf5 43. f4 Rf8 44. Kf3 Kg7 45. Ke4 Rd8 46. Rb6 Kf6 47. g4 h6 48. f5 Re7 49. Kf4 Rxd4+ 50. Ke3 Kxe5 51. f6 Rf7 0-1

[Event "Early-Titled-Tuesday-Blitz-March-26-2024"]
[Site "Chess.com"]
[Date "2024.03.26"]
[Round "2"]
[White "C_K_G"]
[Black "DreamsAreFake"]
[Result "0-1"]
[WhiteElo "2238"]
[BlackElo "2733"]
[TimeControl "180+1"]
[EndTime "8:18:17 PDT"]
[Termination "DreamsAreFake won by resignation"]

1. e4 c6 2. Nf3 d5 3. Nc3 dxe4 4.
Nxe4 Nf6 5. Nxf6+ exf6 6. d3 Bd6 7. Be2 O-O 8. O-O Re8 9. Re1 Nd7 10. h3 Nf8 11.
Nh4 Be6 12. Be3 Qd7 13. Bg4 f5 14. Be2 f4 15. Bd4 g5 16. Nf3 h6 17. Bc3 Ng6 18.
Nd4 Nh4 19. Bg4 f5 20. Bh5 Bf7 21. Rxe8+ Rxe8 22. Bxf7+ Qxf7 23. a4 Bc5 24. Nf3 Ng6 25. b4 Bf8 26. Nd4 Bg7 27. Qd2 Qd5 28. Nb3 Bxc3 29.
Qxc3 Nh4 30. Qc4 Qxc4 31. dxc4 Re4 32. Nd2 Re2 33. Rd1 Ng6 34. Kf1 Re7 35. Nb3 Ne5 36.
c5 f3 37. Nd4 fxg2+ 38. Kxg2 Rd7 39. Rd2 Nc4 40. Rd3 Nb2 41. Rd2 Nxa4 42. Nf3 Rxd2 43. Nxd2 Kf7 44. Nc4 Ke6 45. Kf3 Nc3 46. Nd6 b6 47. Nc8 bxc5 48. bxc5 a5 49. Na7 Kd5 50. h4 a4 51. Nc8 gxh4 52. Nb6+ Kxc5 53. Nd7+ Kb5 54. Ke3 a3 0-1

[Event "Early-Titled-Tuesday-Blitz-March-26-2024"]
[Site "Chess.com"]
[Date "2024.03.26"]
[Round "2"]
[White "karinachess1"]
[Black "cthulhuuu"]
[Result "1-0"]
[WhiteElo "2619"]
[BlackElo "2396"]
[TimeControl "180+1"]
[EndTime "8:18:17 PDT"]
[Termination "karinachess1 won by resignation"]

1. c4 Nf6 2. Nf3 g6 3. g3 Bg7 4. Bg2 O-O 5. O-O d6 6. d4 c5 7. Nc3 cxd4 8. Nxd4 Qa5 9. Qd2 Nc6 10. Nxc6 bxc6 11.
Bxc6 Rb8 12. Bg2 Be6 13. Nd5 Qxd2 14. Nxe7+ Kh8 15. Bxd2 Rxb2 16. Bf4 Rd8 17. Nc6 Rd7 18. Rfb1 Rdb7 19. Rxb2 Rxb2 20. Nxa7 Bxc4 21. a4 Nd5 22. Rc1 Nxf4 23. Rxc4 Nxe2+ 24. Kf1 Bf6 25. Nb5 Nc3 26. Nxc3 Rc2 27. Nd5 Rxc4 28. Nxf6 Rxa4 29. h4 Ra1+ 30. Ke2 Ra3 31. Nd5 Kg7 32. Ne3 f5 33. Bd5 Kf6 34. Bc4 Ke5 35. Bg8 Kf6 36. Kf3 Ra8 37. Bd5 Ke5 38.
Bxa8 h6 39. Bd5 g5 40. h5 g4+ 41. Ke2 f4 42. Nxg4+ Kxd5 43. Nxh6 Ke4 44. g4 f3+ 45.
Kd2 Kf4 46. Nf7 Kxg4 47. h6 Kf5 48. h7 Kg6 49. h8=Q Kxf7 50. Qd4 1-0